 Dungeon Crawl Stone Soup version 0.20.0-15-g7f486f2 (webtiles) character file.

197 Poroing the Chopper (level 5, 0/47 HPs)
             Began as a Hill Orc Fighter on June 19, 2017.
             Succumbed to an orc wizard's poison
             ... on level 3 of the Dungeon.
             The game lasted 00:08:33 (1653 turns).

Poroing the Chopper (Hill Orc Fighter)              Turns: 1653, Time: 00:08:34

Health: 0/47       AC:  9    Str: 20    XL:     5   Next: 75%
Magic:  5/5        EV:  7    Int: 11    God:
Gold:   132        SH:  9    Dex: 10    Spells: 4/4 levels left

rFire    . . .     SeeInvis .   a - +0 war axe
rCold    . . .     Gourm    .   c - +0 shield
rNeg     . . .     Faith    .   b - +0 scale mail
rPois    .         Spirit   .   (no helmet)
rElec    .         Reflect  .   (no cloak)
rCorr    .         Harm     .   n - +0 pair of gloves
MR       .....                  h - +0 pair of boots
Stlth    ..........             (no amulet)
Regen    0.2/turn               g - +3 ring of intelligence
MPRegen  0.1/turn               (no ring)

@: lethally poisoned (0 -> -5)
A: no striking features
a: no special abilities


You were on level 3 of the Dungeon.
You were not hungry.

You visited 1 branch of the dungeon, and saw 3 of its levels.

You collected 132 gold pieces.

Inventory:

Hand Weapons
 a - a +0 war axe (weapon)
 e - a +0 hand axe
Armour
 b - a +0 scale mail (worn)
 c - a +0 shield (worn)
 h - a +0 pair of boots (worn)
 n - a +0 pair of gloves (worn)
Jewellery
 g - a +3 ring of intelligence (left hand)
 r - an uncursed amulet of faith {unknown}
Wands
 q - a wand of lightning (4/15)
Scrolls
 i - 2 scrolls of identify {unknown}
 m - a scroll of enchant armour {unknown}
 p - a scroll of blinking {unknown}
 s - a scroll of recharging {unknown}
Potions
 d - a potion of might
 f - 2 potions of degeneration {unknown}
 k - a potion of agility {unknown}
 o - a potion of heal wounds {unknown}
Comestibles
 j - 4 royal jellies
 l - 3 meat rations


   Skills:
 + Level 4.4 Fighting
 + Level 5.0 Axes
 + Level 4.4 Armour
 + Level 0.4 Dodging
 + Level 4.1 Shields


You had 4 spell levels left.
You didn't know any spells.

Dungeon Overview and Level Annotations

Branches:
Dungeon (3/15)

Altars:
Dithmenos


Message History

* * * LOW HITPOINT WARNING * * *
You feel sick. You block the orc wizard's attack.
You hit the orc wizard.
You kill the orc wizard!
Your Axes skill increases to level 5!
* * * LOW HITPOINT WARNING * * *
You feel sick.
* * * LOW HITPOINT WARNING * * *
You feel sick.
* * * LOW HITPOINT WARNING * * *
You feel sick.
* * * LOW HITPOINT WARNING * * *
You feel sick.
* * * LOW HITPOINT WARNING * * *
You feel sick.
* * * LOW HITPOINT WARNING * * *
You feel sick.
* * * LOW HITPOINT WARNING * * *
You feel sick.
You die...

#.......# #.⌠...⌠.#
#.......# +.(.⌠...+
#.......# #. #.⌠...⌠.#
#. #..)))..# #. ########
#@######. ###.###......#
#.#......
........##.#####...)....
##....####.##.....#####.
##......#8.8###..##
.............†..##
......###8.8#..##
)<....# ##.##...#
......## #...[....


There were no monsters in sight!

Vanquished Creatures
  An orc wizard (D:3)
  5 adders
  4 gnolls (D:3)
  4 worms
  A dart slug (D:1)
  2 leopard geckos
  4 orcs (D:3)
  4 giant cockroaches
  12 goblins
  4 hobgoblins
  5 jackals (D:1)
  5 kobolds
  A quokka (D:3)
  2 ball pythons
  7 bats
  3 frilled lizards
  6 rats
70 creatures vanquished.

Notes
Turn   | Place    | Note
-------+----------+-------------------------------------------
     0 | D:1      | Poroing the Hill Orc Fighter began the quest for the Orb.
     0 | D:1      | Reached XP level 1. HP: 19/19 MP: 1/1
   125 | D:1      | Reached XP level 2. HP: 14/27 MP: 2/2
   214 | D:1      | Reached skill level 3 in Axes
   325 | D:1      | Reached XP level 3. HP: 30/33 MP: 3/3
   725 | D:2      | Reached XP level 4. HP: 38/40 MP: 4/4
   794 | D:2      | Found a shadowy altar of Dithmenos.
  1188 | D:3      | Reached skill level 4 in Axes
  1210 | D:3      | Reached XP level 5. HP: 5/46 MP: 5/5
  1644 | D:3      | Reached skill level 5 in Axes
  1648 | D:3      | HP: 2/47 [poisoned by an orc wizard]
  1653 | D:3      | Succumbed to an orc wizard's poison

Skill      XL: |  1  2  3  4  5 |
---------------+----------------+-----
Axes           | 3 4 5 |  5.0
Fighting       | 4 |  4.4
Armour         | 4 |  4.4
Shields        | 4 |  4.1
Dodging        | |  0.4

Action                   |  1- 3 |  4- 6 || total
-------------------------+-------+-------++-------
Melee: War axe           |   102 |   102 ||   204
  Eat: Bread ration      |       |     1 ||     1
Armor: Scale mail        |    61 |    67 ||   128
Dodge: Dodged            |    42 |    33 ||    75
Block: Shield            |    54 |    57 ||   111
